 Dungeon Crawl Stone Soup version 0.18.1-48-g4cf74bf (webtiles) character file.

14 tyranidshit the Grave Robber (level 2, 1/26 HPs)
             Began as a Deep Dwarf Necromancer on July 21, 2016.
             Quit the game on level 1 of the Dungeon.
             The game lasted 00:01:27 (438 turns).

tyranidshit the Grave Robber (DDNe)                  Turns: 438, Time: 00:01:28

Health: 1/26       AC:  3    Str: 11    XL:     2   Next: 31%
Magic:  4/4        EV: 12    Int: 15    God:
Gold:   4          SH:  0    Dex: 13    Spells: 1 memorised, 3 levels left

rFire  . . .     SeeInvis .     (no weapon)
rCold  . . .     Gourm    .     a - +0 robe
rNeg   . . .     Faith    .     (no shield)
rPois  .         Spirit   .     (no helmet)
rElec  .         Dismiss  .     h - +0 cloak
rCorr  .         Reflect  .     (no gloves)
SustAt .         Harm     .     (no boots)
MR     .....                    (no amulet)
Stlth  ++........               (no ring)
                                (no ring)

@: non-regenerating, not resistant to hostile enchantments, unstealthy
A: damage resistance, recharge devices, sense surroundings 1, slow regeneration
3
a: Device Recharging


You were on level 1 of the Dungeon.
You were not hungry.

You visited 1 branch of the dungeon, and saw 1 of its levels.

You collected 4 gold pieces.

Inventory:

Armour
 a - a +0 robe (worn)
 h - a +0 cloak (worn)
Wands
 c - a wand of heal wounds (5/9)
Scrolls
 e - a scroll of fog {unknown}
 i - a scroll of recharging {unknown}
 j - a scroll of enchant weapon {unknown}
Potions
 k - a potion of cure mutation {unknown}
Books
 b - a book of Necromancy

   Spells                             Type                      Level
   a - Pain                           Necromancy                   1
   b - Animate Skeleton               Necromancy                   1
   c - Vampiric Draining              Necromancy                   3
   d - Regeneration                   Charms/Necromancy            3
   e - Animate Dead                   Necromancy                   4
   f - Control Undead                 Necromancy                   4
Comestibles
 d - a bread ration
 f - a meat ration


   Skills:
 + Level 1.8 Fighting
 - Level 2.1 Dodging
 - Level 2.4 Stealth
 - Level 1.7 Spellcasting
 - Level 4.3 Necromancy


You had 3 spell levels left.
You knew the following spells:

 Your Spells              Type           Power        Failure   Level  Hunger
a - Pain                  Necr           ##..         4%          1    ##.....


Dungeon Overview and Level Annotations

Branches:
Dungeon (1/15)

Altars:


Innate Abilities, Weirdness & Mutations

You are resistant to damage.
You can recharge devices by infusing magical energy.
You passively map a small area around you.
You do not regenerate naturally.


Message History

The jackal bites you but does no damage. x2
The jackal bites you but does no damage. x3
The jackal barely misses you.
The jackal bites you but does no damage. x2
The jackal bites you but does no damage.
The jackal completely misses you.
The jackal bites you but does no damage. x3
The jackal bites you but does no damage. x6
The jackal bites you but does no damage. x5
You feel less woody.
Your +0 cloak unmelds from your body.
Your +0 robe unmelds from your body.
The jackal bites you but does no damage.
The jackal bites you.
* * * LOW HITPOINT WARNING * * *
The jackal barely misses you. x2
The jackal bites you but does no damage.
The jackal bites you.
Drink which item? (? for menu, Esc to quit)
You can't drink that!
Are you sure you want to abandon this character and quit the game? (Confirm with "yes".)

###.# * , #.#### *
..>., # #....# ####
.... # ####'###...[*
*... #
#...........*###.., #
#...........##... , #
#...........#... # + *
# #...........#hh#.# ,
# ####'###....#.@#.#.#
* * *
#............hh...# *
*
####.###########.#.#.#
* * ,
..............##.#.# *
, * ....⌠..........#.#
. * ,
⌠.......⌠......#.# ##
* , ,
..............##.###
######,,
..⌠...⌠...⌠..###...#
#....# ,
....(.......## ###.#
#.##.#


You could see 4 jackals.

Vanquished Creatures
  2 dart slugs (D:1)
  A giant gecko (D:1)
  A goblin (D:1)
  2 hobgoblins (D:1)
  2 bats (D:1)
  A giant newt (D:1)
9 creatures vanquished.

Notes
Turn   | Place    | Note
--------------------------------------------------------------
     0 | D:1      | tyranidshit the Deep Dwarf Necromancer began the quest for the Orb.
     0 | D:1      | Reached XP level 1. HP: 15/15 MP: 3/3
   251 | D:1      | Reached skill level 1 in Fighting
   320 | D:1      | Reached XP level 2. HP: 25/25 MP: 0/4
   437 | D:1      | HP: 1/26 [jackal (1)]
   438 | D:1      | Quit the game

Skill      XL: |  1 |
---------------+----+-----
Fighting       | 1 |  1.8
Dodging        | |  2.1
Stealth        | |  2.4
Spellcasting   | |  1.7
Necromancy     | |  4.3

Action                   || total
-------------------------++-------
Melee: Unarmed           ||    39
 Cast: Pain              ||    15
  Use: Potion            ||     1
Armor: Robe              ||    34
       Skin              ||   126
Dodge: Dodged            ||   104
